MLB
TEXAS RANGERS @ SEATTLE MARINERS
06/23/2020
 
TOP OF THE 1ST
Texas Rangers batting - Pitching for Seattle Mariners : LHP Marco Gonzales
Pitching: LHP Marco Gonzales
Batting: RHB Elvis Andrus 0-0: Ball
1-0: Swinging Strike
1-1: Bunt for hit to 15S - play at first, batter safe!
Batting: RHB Nick Solak 0-0: Fly out, F7 (Flyball, 7, EV 95.0 MPH)
Batting: LHB Willie Calhoun 0-0: Called Strike
0-1: Grounds into double play, 4-6-3 (Groundball, 4, EV 100.6 MPH)
Top of the 1st over - 0 runs, 1 hit, 0 errors, 0 left on base; Texas 0 - Seattle 0
BOTTOM OF THE 1ST
Seattle Mariners batting - Pitching for Texas Rangers : LHP Kolby Allard
Pitching: LHP Kolby Allard
Batting: LHB Mallex Smith 0-0: Ground out U3 (Groundball, 3, EV 86.9 MPH)
Batting: LHB Shed Long Jr. 0-0: Fly out, F8 (Flyball, 8RS, EV 78.8 MPH)
Batting: RHB Mitch Haniger 0-0: Called Strike
0-1: Foul Ball, location: 2F
0-2: Ball
1-2: Ball
2-2: Ball
3-2: Foul Ball, location: 2F
3-2: SOLO HOME RUN (Flyball, 7D, EV 110.0 MPH), Distance : 401 ft
Batting: RHB Tom Murphy 0-0: Ball
1-0: Ball
2-0: Fly out, F8 (Flyball, 8RD, EV 107.5 MPH)
Bottom of the 1st over - 1 run, 1 hit, 0 errors, 0 left on base; Texas 0 - Seattle 1
TOP OF THE 2ND
Texas Rangers batting - Pitching for Seattle Mariners : LHP Marco Gonzales
Batting: RHB Robinson Chirinos 0-0: Ball
1-0: Ball
2-0: DOUBLE (Groundball, 5L, EV 95.6 MPH)
Batting: SHB Danny Santana 0-0: Called Strike
0-1: Fly out, F9 (Flyball, 89M, EV 90.0 MPH)
Runner from 2nd tags up, SAFE at 3rd with throw by RF
Batting: LHB Shin-Soo Choo 0-0: Ball
1-0: Ground out 4-3 (Groundball, 4, EV 83.8 MPH)
Robinson Chirinos scores
Batting: RHB Scott Heineman 0-0: Ball
1-0: Called Strike
1-1: Swinging Strike
1-2: Strikes out swinging
Top of the 2nd over - 1 run, 1 hit, 0 errors, 0 left on base; Texas 1 - Seattle 1
BOTTOM OF THE 2ND
Seattle Mariners batting - Pitching for Texas Rangers : LHP Kolby Allard
Batting: LHB Kyle Seager 0-0: Swinging Strike
0-1: Swinging Strike
0-2: Ball
1-2: Ground out 4-3 (Groundball, 4, EV 103.1 MPH)
Batting: RHB Braden Bishop 0-0: Ball
1-0: Swinging Strike
1-1: Ball
2-1: Fly out, F8 (Flyball, 8RD, EV 82.5 MPH)
Batting: LHB Yonder Alonso 0-0: Foul Ball, location: 2F
0-1: Ball
1-1: Ball
2-1: Foul Ball, location: 2F
2-2: Strikes out swinging
Bottom of the 2nd over - 0 runs, 0 hits, 0 errors, 0 left on base; Texas 1 - Seattle 1
TOP OF THE 3RD
Texas Rangers batting - Pitching for Seattle Mariners : LHP Marco Gonzales
Batting: RHB Andy Ibanez 0-0: Called Strike
0-1: Ball
1-1: Foul Ball, location: 2F
1-2: Fly out, F7 (Flyball, 7D, EV 101.3 MPH)
Batting: LHB Ronald Guzman 0-0: Called Strike
0-1: Swinging Strike
0-2: Strikes out swinging
Batting: RHB Elvis Andrus 0-0: Ball
1-0: Ball
2-0: Ball
3-0: Called Strike
3-1: Foul Ball, location: 2F
3-2: Ground out 6-3 (Groundball, 6, EV 82.5 MPH)
Top of the 3rd over - 0 runs, 0 hits, 0 errors, 0 left on base; Texas 1 - Seattle 1
BOTTOM OF THE 3RD
Seattle Mariners batting - Pitching for Texas Rangers : LHP Kolby Allard
Batting: LHB J.P. Crawford 0-0: Ball
1-0: Called Strike
1-1: Ball
2-1: Ball
3-1: Called Strike
3-2: Foul Ball, location: 2F
3-2: Foul Ball, location: 2F
3-2: Ground out 4-3 (Groundball, 4, EV 85.6 MPH)
Batting: RHB Tim Lopes 0-0: Ball
1-0: Ball
2-0: Ball
3-0: Called Strike
3-1: Foul Ball, location: 2F
3-2: Fly out, F8 (Line Drive, 8RD, EV 94.4 MPH)
Batting: LHB Mallex Smith 0-0: Ball
1-0: Called Strike
1-1: Ball
2-1: Ball
3-1: Foul Ball, location: 2F
3-2: Fly out, F3 (Line Drive, 3, EV 65.0 MPH)
Bottom of the 3rd over - 0 runs, 0 hits, 0 errors, 0 left on base; Texas 1 - Seattle 1
TOP OF THE 4TH
Texas Rangers batting - Pitching for Seattle Mariners : LHP Marco Gonzales
Batting: RHB Nick Solak 0-0: Called Strike
0-1: Foul Ball, location: 2F
0-2: Ball
1-2: Ball
2-2: Foul Ball, location: 2F
2-2: Ground out 3-1 (Groundball, 34, EV 79.4 MPH)
Batting: LHB Willie Calhoun 0-0: Called Strike
0-1: Foul Ball, location: 2F
0-2: Strikes out swinging
Batting: RHB Robinson Chirinos 0-0: Called Strike
0-1: Ground out 5-3 (Groundball, 5, EV 84.4 MPH)
Top of the 4th over - 0 runs, 0 hits, 0 errors, 0 left on base; Texas 1 - Seattle 1
BOTTOM OF THE 4TH
Seattle Mariners batting - Pitching for Texas Rangers : LHP Kolby Allard
Batting: LHB Shed Long Jr. 0-0: Ball
1-0: Ball
2-0: Foul Ball, location: 2F
2-1: Ball
3-1: Base on Balls
Batting: RHB Mitch Haniger 0-0: Ball
1-0: Foul Ball, location: 2F
1-1: Ball
2-1: Ball
Passed Ball!
Shed Long Jr. to second
3-1: Called Strike
3-2: Foul Ball, location: 2F
3-2: Base on Balls
Batting: RHB Tom Murphy 0-0: Ball
1-0: Ball
2-0: Foul Ball, location: 2F
2-1: Ball
3-1: Called Strike
3-2: Foul Ball, location: 2F
3-2: Fly out, F7 (Flyball, 78S, EV 80.6 MPH)
Batting: LHB Kyle Seager 0-0: Swinging Strike
0-1: Called Strike
0-2: Ball
1-2: Strikes out swinging
Batting: RHB Braden Bishop 0-0: Foul Ball, location: 2F
0-1: Foul Ball, location: 2F
0-2: Ball
1-2: 3-RUN HOME RUN (Line Drive, 7D, EV 103.8 MPH), Distance : 407 ft
Batting: LHB Yonder Alonso 0-0: Called Strike
0-1: Ball
1-1: Called Strike
1-2: Foul Ball, location: 2F
1-2: SINGLE (Groundball, 4MD, EV 110.6 MPH)
Batting: LHB J.P. Crawford 0-0: Fielders Choice at 2nd, 6-4 (Groundball, 6, EV 92.5 MPH)
Bottom of the 4th over - 3 runs, 2 hits, 0 errors, 1 left on base; Texas 1 - Seattle 4
TOP OF THE 5TH
Texas Rangers batting - Pitching for Seattle Mariners : LHP Marco Gonzales
Batting: SHB Danny Santana 0-0: Called Strike
0-1: Foul Ball, location: 2F
0-2: SINGLE (Line Drive, 9LS, EV 98.8 MPH)
Batting: LHB Shin-Soo Choo 0-0: Ball
1-0: Foul Ball, location: 2F
1-1: Ball
2-1: Called Strike
2-2: Ball
3-2: Fly out, F9 (Flyball, 9S, EV 94.4 MPH)
Batting: RHB Scott Heineman 0-0: Called Strike
Danny Santana steals 2nd base
0-1: Called Strike
0-2: Ground out 5-3 (Groundball, 56S, EV 70.6 MPH)
Danny Santana to third
Batting: RHB Andy Ibanez 0-0: SINGLE (Groundball, 56D, EV 103.8 MPH)
Danny Santana scores
Pitching: LHP Clayton Richard
Batting: LHB Ronald Guzman 0-0: Ground out 1-3 (Groundball, 13S, EV 61.3 MPH)
Top of the 5th over - 1 run, 2 hits, 0 errors, 1 left on base; Texas 2 - Seattle 4
BOTTOM OF THE 5TH
Seattle Mariners batting - Pitching for Texas Rangers : LHP Kolby Allard
Batting: RHB Tim Lopes 0-0: Fly out, F8 (Flyball, 8RS, EV 91.3 MPH)
Batting: LHB Mallex Smith 0-0: Called Strike
0-1: Ground out 4-3 (Groundball, 4S, EV 94.4 MPH)
Batting: LHB Shed Long Jr. 0-0: Ball
1-0: Ball
2-0: Swinging Strike
2-1: Fly out, F1 (Popup, 15, EV 86.9 MPH)
Bottom of the 5th over - 0 runs, 0 hits, 0 errors, 0 left on base; Texas 2 - Seattle 4
TOP OF THE 6TH
Texas Rangers batting - Pitching for Seattle Mariners : LHP Clayton Richard
Batting: RHB Elvis Andrus 0-0: Called Strike
0-1: Ball
1-1: SINGLE (Groundball, 56D, EV 98.1 MPH)
Batting: RHB Nick Solak 0-0: Ball
1-0: Ball
2-0: Ball
3-0: Called Strike
3-1: Reached on error, E9 (Line Drive, 9, EV 90.0 MPH)
Elvis Andrus to second
Batting: LHB Willie Calhoun 0-0: Ball
1-0: Ball
2-0: SINGLE (Groundball, 25, EV 68.8 MPH) (infield hit)
Elvis Andrus to third
Nick Solak to second
Batting: RHB Robinson Chirinos 0-0: Fly out, F8 (Flyball, 8LM, EV 88.1 MPH)
Runner from 3rd tags up, SCORES, no throw by CF
Batting: SHB Danny Santana 0-0: Called Strike
0-1: Foul Ball, location: 2F
0-2: Foul Ball, location: 2F
0-2: Strikes out swinging
Batting: LHB Shin-Soo Choo 0-0: Fly out, F9 (Flyball, 89XD, EV 93.8 MPH)
Top of the 6th over - 1 run, 2 hits, 1 error, 2 left on base; Texas 3 - Seattle 4
BOTTOM OF THE 6TH
Seattle Mariners batting - Pitching for Texas Rangers : LHP Kolby Allard
Batting: RHB Mitch Haniger 0-0: Foul Ball, location: 2F
0-1: Ball
1-1: Swinging Strike
1-2: Ball
2-2: Foul Ball, location: 2F
2-2: Ground out 6-3 (Groundball, 6, EV 85.0 MPH)
Batting: RHB Tom Murphy 0-0: Foul Ball, location: 2F
0-1: Ball
1-1: Ball
2-1: Fly out, F7 (Flyball, 7LS, EV 95.6 MPH)
Batting: LHB Kyle Seager 0-0: Ball
1-0: Called Strike
1-1: SINGLE (Groundball, 3S, EV 69.4 MPH) (infield hit)
Pitching: RHP Luke Farrell
Batting: RHB Braden Bishop 0-0: Called Strike
Kyle Seager steals 2nd base
0-1: SINGLE (Line Drive, 78S, EV 94.4 MPH)
Kyle Seager to third
Runner from 3rd tries for Home, SAFE, throw by LF to home
Batting: LHB Yonder Alonso 0-0: Ball
1-0: SINGLE (Flyball, 6D, EV 87.5 MPH)
Braden Bishop to second
Batting: LHB J.P. Crawford 0-0: Called Strike
0-1: Swinging Strike
0-2: Strikes out looking
Bottom of the 6th over - 1 run, 3 hits, 0 errors, 2 left on base; Texas 3 - Seattle 5
TOP OF THE 7TH
Texas Rangers batting - Pitching for Seattle Mariners : LHP Clayton Richard
Batting: RHB Scott Heineman 0-0: Swinging Strike
0-1: Called Strike
0-2: Strikes out swinging
Batting: RHB Andy Ibanez 0-0: Ball
1-0: Ground out 6-3 (Groundball, 6, EV 85.6 MPH)
Batting: LHB Ronald Guzman 0-0: Ball
1-0: Called Strike
1-1: Swinging Strike
1-2: Ball
2-2: Foul Ball, location: 2F
2-2: Strikes out swinging
Top of the 7th over - 0 runs, 0 hits, 0 errors, 0 left on base; Texas 3 - Seattle 5
BOTTOM OF THE 7TH
Seattle Mariners batting - Pitching for Texas Rangers : RHP Luke Farrell
Batting: RHB Tim Lopes 0-0: Ball
1-0: Called Strike
1-1: Foul Ball, location: 2F
1-2: Ball
2-2: Strikes out swinging
Batting: LHB Mallex Smith 0-0: Called Strike
0-1: SINGLE (Line Drive, 78S, EV 91.9 MPH)
Batting: LHB Shed Long Jr. 0-0: Ball
Mallex Smith is caught stealing 2nd base 2-6
1-0: Called Strike
1-1: Foul Ball, location: 2F
1-2: Foul Ball, location: 2F
1-2: Ball
2-2: Strikes out swinging
Bottom of the 7th over - 0 runs, 1 hit, 0 errors, 0 left on base; Texas 3 - Seattle 5
TOP OF THE 8TH
Texas Rangers batting - Pitching for Seattle Mariners : LHP Clayton Richard
Batting: RHB Elvis Andrus 0-0: SINGLE (Groundball, 6MD, EV 102.5 MPH)
Batting: RHB Nick Solak 0-0: Foul Ball, location: 2F
0-1: Fly out, F7 (Flyball, 7, EV 85.6 MPH)
Pitching: LHP Taylor Guilbeau
Batting: LHB Willie Calhoun 0-0: Ball
1-0: Foul Ball, location: 2F
1-1: Ball
2-1: Grounds into double play, 4-6-3 (Groundball, 4, EV 84.4 MPH)
Top of the 8th over - 0 runs, 1 hit, 0 errors, 0 left on base; Texas 3 - Seattle 5
BOTTOM OF THE 8TH
Seattle Mariners batting - Pitching for Texas Rangers : RHP Luke Farrell
Batting: RHB Mitch Haniger 0-0: SINGLE (Groundball, 6MS, EV 71.3 MPH) (infield hit)
Batting: RHB Tom Murphy 0-0: Ball
1-0: Ground out 3-1 (Groundball, 34S, EV 75.6 MPH)
Mitch Haniger to second
Batting: LHB Kyle Seager 0-0: Intentional Walk
Batting: RHB Braden Bishop 0-0: Called Strike
0-1: Grounds into double play, 5-4-3 (Groundball, 56S, EV 83.1 MPH)
Bottom of the 8th over - 0 runs, 1 hit, 0 errors, 1 left on base; Texas 3 - Seattle 5
TOP OF THE 9TH
Texas Rangers batting - Pitching for Seattle Mariners : LHP Taylor Guilbeau
Pitching: RHP Austin Adams
Batting: RHB Robinson Chirinos 0-0: Ball
1-0: Foul Ball, location: 2F
1-1: Ball
2-1: Ball
3-1: Base on Balls
Batting: SHB Danny Santana 0-0: Swinging Strike
0-1: Foul Ball, location: 2F
0-2: Strikes out swinging
Batting: LHB Shin-Soo Choo 0-0: Ball
1-0: Foul Ball, location: 2F
1-1: Called Strike
1-2: Foul Ball, location: 2F
1-2: Foul Ball, location: 2F
1-2: Strikes out swinging
Pitching: RHP Carl Edwards Jr.
Pinch Hitting: LHB Greg Bird 0-0: Foul Ball, location: 2F
0-1: Ball
1-1: SINGLE (Line Drive, 7S, EV 97.5 MPH)
Robinson Chirinos to second
Pinch Hitting: LHB Joey Gallo 0-0: Called Strike
0-1: Ball
1-1: Swinging Strike
1-2: Ball
2-2: Strikes out swinging
Top of the 9th over - 0 runs, 1 hit, 0 errors, 2 left on base; Texas 3 - Seattle 5
Monday, June 29th, 2020 - OOTP Baseball 21.4 Build 63